 Dungeon Sprint DCSS version 0.27.1-33-g824d729ab1 (webtiles) character file.

Game seed: 8849166124650856328

618 manyhoops the Geomancer (level 7, -16/50 HPs)
             Began as a Demigod Earth Elementalist on Nov 25, 2021.
             Demolished by Sonja (17 damage)
             ... in the Dungeon (Sprint I: "Red Sonja").
             The game lasted 00:03:10 (747 turns).

manyhoops the Geomancer (Demigod Earth Elementalist) Turns: 747, Time: 00:03:10

Health: -16/50     AC:  2    Str:  9    XL:     7   Next: 1%
Magic:  2/20       EV: 12    Int: 25    God:
Gold:   151        SH:  0    Dex: 14    Spells: 5/19 levels left

rFire    . . .     SeeInvis .   (no weapon)
rCold    . . .     Faith    .   (no shield)
rNeg     . . .     Spirit   .   b - +0 robe
rPois    .         Reflect  .   (no helmet)
rElec    .         Harm     .   (no cloak)
rCorr    .         Rampage  .   (no gloves)
Will     .....     NoTele   +   (no boots)
Stlth    ++........             (no amulet)
HPRegen  0.16/turn              (no ring)
MPRegen  0.17/turn              (no ring)

@: hasted, very quick
A: high mp 1, forlorn
a: no special abilities


You were in the Dungeon.
You visited 1 branch You collected 411 gold pieces.
You spent 260 gold pieces at shops.

Inventory:

Hand Weapons
 a - a +0 club
Missiles
 i - 21 stones
Armour
 b - a +0 robe (worn)
Scrolls
 h - a scroll of blinking
Potions
 c - a potion of curing
 d - a potion of heal wounds
 e - a potion of haste
 f - 2 potions of magic


   Skills:
 - Level 2.5 Dodging
 - Level 2.3 Stealth
 - Level 0.8 Unarmed Combat
 - Level 6.6 Spellcasting
 - Level 4.9 Conjurations
 - Level 1.0 Transmutations
 - Level 11.3 Earth Magic


You had 5 spell levels left.
You knew the following spells:

 Your Spells              Type           Power      Damage    Failure   Level
a - Sandblast             Erth           100%       2d20      1%          1
b - Passwall              Tmut/Erth      32%        N/A       1%          2
c - Stone Arrow           Conj/Erth      98%        3d13      1%          3
d - Petrify               Tmut/Erth      39%        N/A       5%          4
e - Leda's Liquefaction   Hex/Erth       18%        N/A       7%          4

Your spell library contained the following spells:

 Spells                   Type           Power      Damage    Failure   Level
 Call Canine Familiar     Summ           8%         N/A       22%         3
 Portal Projectile        Hex/Tloc       16%        N/A       22%         3


Dungeon Overview and Level Annotations

Branches:
Dungeon (1/1)

Shops:
D :

Annotations:
D Sonja


Innate Abilities, Weirdness & Mutations

Your attributes grow dramatically as you level up.
You have an increased reservoir of magic. (+10% MP)
You shall have no god before yourself.


Message History

Unknown command.
Casting: Stone Arrow (safe; 1% risk of failure)
Confirm with . or Enter, or press ? or * to list all spells.
Aiming: Stone Arrow (safe; 1% risk of failure)
Press: ? - help, Shift-Dir - straight line, f/p - Sonja
Aim: Sonja, wielding a +2 short sword of distortion and quivering curare-tipped darts (severely wounded, 37% to hit)
The stone arrow misses Sonja.
Sonja hits you with a +2 short sword of distortion! x2
Sonja hits you with a +2 short sword of distortion.
Space warps horribly around you!!
Ouch! That really hurt!
* * * LOW HITPOINT WARNING * * *
Casting: Stone Arrow (safe; 1% risk of failure)
Confirm with . or Enter, or press ? or * to list all spells.
Aiming: Stone Arrow (safe; 1% risk of failure)
Press: ? - help, Shift-Dir - straight line, f/p - Sonja
Aim: Sonja, wielding a +2 short sword of distortion and quivering curare-tipped darts (severely wounded, 37% to hit)
The stone arrow misses Sonja.
Sonja mumbles some strange words.
Sonja looks slightly unstable.
Casting: Stone Arrow (safe; 1% risk of failure)
Confirm with . or Enter, or press ? or * to list all spells.
Aiming: Stone Arrow (safe; 1% risk of failure)
Press: ? - help, Shift-Dir - straight line, f/p - Sonja
Aim: Sonja, wielding a +2 short sword of distortion and quivering curare-tipped darts (severely wounded, 37% to hit)
The stone arrow misses Sonja.
Sonja shouts, "Too slow!"
Sonja misses you. x2; Sonja closely misses you.
Casting: Stone Arrow (safe; 1% risk of failure)
Confirm with . or Enter, or press ? or * to list all spells.
Aiming: Stone Arrow (safe; 1% risk of failure)
Press: ? - help, Shift-Dir - straight line, f/p - Sonja
Aim: Sonja, wielding a +2 short sword of distortion and quivering curare-tipped darts (severely wounded, 37% to hit)
The stone arrow hits Sonja.
Sonja is almost dead.
Sonja completely misses you. Sonja closely misses you.
Sonja hits you with a +2 short sword of distortion.
* * * LOW HITPOINT WARNING * * *
Space warps horribly around you!
You die...

######################
#<.#..').#..'..#__#..+
#..[..#..').#..'..'..#
#..#####'#####'#__####
#..####..#...#[####
#..#__####..##.#
#..#_____##'#_.+
#⌠⌠#_.∩...'..._#
####_..__##K@#'#
#_____###'#.# #######
#.### $.$ $.$ ##.##
#+#


You could see Sonja.

Vanquished Creatures
  A slime creature (D)
  Sigmund (D)
  A yak (D)
  An ogre (D)
  A jelly (D)
  Ijyb (D)
6 creatures vanquished.

Notes
Turn   | Place    | Note
-------+----------+-------------------------------------------
     0 | D        | manyhoops the Demigod Earth Elementalist began the quest
                  | for the Orb.
     0 | D        | Reached XP level 1. HP: 14/14 MP: 5/5
     1 | D        | Noticed Ijyb
    14 | D        | Killed Ijyb
    15 | D        | Reached skill level 1 in Transmutations
    15 | D        | Reached skill level 4 in Earth Magic
    15 | D        | Reached XP level 2. HP: 20/20 MP: 5/8
   109 | D        | Learned a level 2 spell: Passwall
   111 | D        | Noticed an ogre
   113 | D        | Killed an ogre
   114 | D        | Reached skill level 8 in Earth Magic
   114 | D        | Reached XP level 3. HP: 26/26 MP: 6/9
   114 | D        | Reached XP level 4. HP: 33/33 MP: 6/10
   118 | D        | Learned a level 3 spell: Stone Arrow
   246 | D        | Noticed Sigmund
   250 | D        | Killed Sigmund
   251 | D        | Reached skill level 11 in Earth Magic
   251 | D        | Reached XP level 5. HP: 32/38 MP: 7/12
   325 | D        | Found Vaaziac's Book Emporium.
   325 | D        | Noticed a yak
   328 | D        | Killed a yak
   329 | D        | Reached skill level 5 in Spellcasting
   329 | D        | Reached XP level 6. HP: 45/45 MP: 3/17
   445 | D        | Learned a level 4 spell: Petrify
   451 | D        | Bought a book of the Hunter for 260 gold pieces
   456 | D        | Learned a level 4 spell: Leda's Liquefaction
   602 | D        | Noticed a slime creature
   606 | D        | Killed a slime creature
   607 | D        | Reached XP level 7. HP: 50/50 MP: 6/20
   741 | D        | Noticed Sonja
   747 | D        | HP: 1/50 [Sonja (4)]
   747 | D        | Demolished by Sonja

Illustrated notes

Levels and vault maps discovered:
D:        dungeon_sprint_1 [red_sonja_temple_1, red_sonja_temple_small_1]

Skill      XL: |  1  2  3  4  5  6 |
---------------+-------------------+-----
Dodging        | 2 |  2.5
Stealth        | 2 |  2.3
Spellcasting   | 2 5 6 |  6.6
Transmutations | 1 |  1.0
Earth Magic    | 4 8 11 | 11.3
Conjurations   | 3 4 |  4.9
Unarmed Combat | |  0.8

Action                   |  1- 3 |  4- 6 |  7- 9 || total
-------------------------+-------+-------+-------++-------
Melee: Unarmed           |    11 |       |       ||    11
 Cast: Sandblast         |     3 |     6 |       ||     9
       Stone Arrow       |       |     5 |     6 ||    11
       Leda's Liquefacti |       |     2 |       ||     2
  Use: Potion            |     1 |       |     1 ||     2
Armor: Robe              |       |     1 |       ||     1
Dodge: Dodged            |     3 |     1 |     5 ||     9
